 Dungeon Crawl Stone Soup version 0.27.1 (webtiles) character file.

Game seed: 11493378115057720447

83 jlumianski the Shield-Bearer (level 4, -1/42 HPs)
             Began as a Deep Dwarf Fighter on Sept 5, 2021.
             Slain by an ogre (2 damage)
             ... on level 5 of the Dungeon.
             The game lasted 00:07:29 (1668 turns).

jlumianski the Shield-Bearer (Deep Dwarf Fighter)   Turns: 1668, Time: 00:07:30

Health: -1/42      AC:  9    Str: 26    XL:     4   Next: 22%
Magic:  4/4        EV:  8    Int:  9    God:
Gold:   131        SH: 10    Dex: 12    Spells: 3/3 levels left

rFire    . . .     SeeInvis .   a - +0 war axe
rCold    . . .     Faith    .   c - +0 kite shield
rNeg     . . .     Spirit   .   b - +0 scale mail
rPois    .         Reflect  .   (no helmet)
rElec    .         Harm     .   p - +0 cloak
rCorr    +         Rampage  .   q - +0 pair of gloves
Will     .....                  (no boots)
Stlth    ..........             (no amulet)
HPRegen  0.00/turn              i - +6 ring of strength
MPRegen  0.09/turn              y - ring of resist corrosion

@: about to teleport
A: damage resistance, heal wounds, sense surroundings 1, no regeneration
a: Heal Wounds


You were on level 5 of the Dungeon.
You visited 1 branch of the dungeon, and saw 5 of its levels.

You collected 131 gold pieces.

Inventory:

Hand Weapons
 a - a +0 war axe (weapon)
 n - a +0 short sword of holy wrath
 w - a +5 dagger of speed
Missiles
 g - 19 bolts
 k - 5 stones (quivered)
 l - 11 sling bullets
Armour
 b - a +0 scale mail (worn)
 c - a +0 kite shield (worn)
 p - a +0 cloak (worn)
 q - a +0 pair of gloves (worn)
Jewellery
 i - a +6 ring of strength (left hand)
 y - a ring of resist corrosion (right hand)
Wands
 t - a wand of paralysis (7)
Scrolls
 e - a scroll of fog
 h - a scroll of enchant weapon {unknown}
 j - a scroll of teleportation
 m - a scroll of enchant armour {unknown}
 o - a scroll of identify {unknown}
 u - a scroll of magic mapping {unknown}
 v - a scroll of fear {unknown}
 x - a scroll of blinking {unknown}
Potions
 d - a potion of might
 f - 2 potions of curing
 r - a potion of mutation {unknown}
 s - a potion of flight {unknown}
 z - a potion of attraction
 A - a potion of cancellation {unknown}


   Skills:
 + Level 3.0 Fighting
 + Level 3.5 Axes
 + Level 3.8 Armour
 + Level 0.6 Dodging
 + Level 4.0 Shields


You had 3 spell levels left.
You didn't know any spells.
Your spell library contained the following spells:

 Spells                   Type           Power      Damage    Failure   Level
 Conjure Flame            Conj/Fire      0%         6-21      100%        3
 Tukima's Dance           Hex            0%         N/A       100%        3
 Passage of Golubria      Tloc           N/A        N/A       100%        4
 Freezing Cloud           Conj/Ice/Air   0%         6-21      100%        5
 Yara's Violent Unravell  Hex/Tmut       0%         3d3       100%        5
 Death Channel            Necr           0%         N/A       100%        6


Dungeon Overview and Level Annotations

Branches:
Dungeon (6/15)
 Temple: D:4-7

Altars:


Innate Abilities, Weirdness & Mutations

You are resistant to damage.
You can heal yourself by infusing magical energy.
You passively map a small area around you.
You do not regenerate.


Message History

The ufetubus is almost dead.
You block the ufetubus's attack. x2; The ufetubus closely misses you.
The ufetubus hits you but does no damage.
You barely miss the ufetubus.
The ufetubus is almost dead.
You block the ufetubus's attack. The ufetubus barely misses you.
The ufetubus closely misses you. You block the ufetubus's attack.
You slash the ufetubus!
You kill the ufetubus!
Okay, then.
Found Great Wizards, Vol.
VII.
A necrophage comes into view.
You see here Great Wizards, Vol.
VII.
You pick up Great Wizards, Vol.
VII and begin reading...
You add the spells Tukima's Dance, Passage of Golubria and Yara's Violent Unravelling to your library.
You open the door.
A two-headed ogre comes into view.
It is wielding a +0 giant club and a +0 dire flail.
The two-headed ogre shouts in stereo!
Found a hunting sling.
Found a war axe.
Found a stone staircase leading up and a stone staircase leading down.
An ogre comes into view. It is wielding a +0 giant club.
The ogre shouts!
A sky beast comes into view.
Found a scroll labelled DIQICS RUIMN.
The sky beast hits you. The sky beast shocks you.
The ogre hits you with a +0 giant club!
A jelly comes into view.
The ogre hits you with a +0 giant club!
* * * LOW HITPOINT WARNING * * *
There is a stone staircase leading up here.
The jelly quivers.
The sky beast barely misses you.
You climb upwards.
Found a stone staircase leading down.
There is a stone staircase leading down here.
As you read the scroll of teleportation, it crumbles to dust.
You feel strangely unstable. You block the sky beast's attack.
The ogre hits you with a +0 giant club.
You die...

, , *
#...>... ,,
#......# ,
.#...z#
...z.# * ,
#z...#,* ,
. #...z#
....#.Yz.#
,......O@.#
* , ,
,..#.#.####
* * # , , *
** * * ,* *
* * * * ,


You could see a sky beast, an ogre and 5 wights.

Vanquished Creatures
  Jessica (D:3)
  An adder (D:1)
  An ufetubus (D:6)
  A worm (D:3)
  4 ball pythons
  3 endoplasms (D:1)
  3 giant cockroaches
  4 goblins
  A hobgoblin (D:1)
  A quokka (D:2)
  6 bats
  5 frilled lizards
  7 kobolds
  3 rats
41 creatures vanquished.

Vanquished Creatures (others)
  A fungus (D:2)
  A plant (D:2)
2 creatures vanquished.

Grand Total: 43 creatures vanquished

Notes
Turn   | Place    | Note
-------+----------+-------------------------------------------
     0 | D:1      | jlumianski the Deep Dwarf Fighter began the quest for the
                  | Orb.
     0 | D:1      | Reached XP level 1. HP: 20/20 MP: 1/1
   161 | D:1      | Reached XP level 2. HP: 24/27 MP: 2/2
   393 | D:1      | Got the Incunabulum of the Sea
   644 | D:1      | Reached XP level 3. HP: 19/34 MP: 3/3
   857 | D:2      | Found a faded altar of an unknown god.
  1374 | D:3      | Noticed Jessica
  1386 | D:3      | Killed Jessica
  1387 | D:3      | Reached skill level 4 in Shields
  1387 | D:3      | Reached XP level 4. HP: 34/42 MP: 4/4
  1545 | D:3      | You fall into a shaft and drop 3 floors!
  1618 | D:6      | Noticed a necrophage
  1649 | D:6      | Noticed a two-headed ogre
  1661 | D:6      | Noticed an ogre
  1663 | D:6      | Noticed a sky beast
  1665 | D:6      | HP: 1/42 [ogre (14)]
  1667 | D:5      | Entered Level 5 of the Dungeon
  1668 | D:5      | Slain by an ogre

Illustrated notes

Levels and vault maps discovered:
D:1:      lightli_arrival_farm, layout_basic, chequers_arboretum
D:2:      layout_basic, dreamdust_ecumenical_altar_grove
D:3:      layout_basic, uniq_jessica
D:5:      layout_basic, gammafunk_temple_overflow_wave, fedhas_altar_2,
          temple_hall, ebering_ghost_disaster_area, serial_shops,
          shop_fountains, shop, kennysheep_little_box, nicolae_shop_crystal,
          shop
D:6:      layout_basic, ebering_ghost_disaster_area, dk_noncrumbling_4,
          grunt_decor_one_mirror

Skill      XL: |  1  2  3 |
---------------+----------+-----
Fighting       | 3 |  3.0
Axes           | 3 |  3.5
Shields        | 4 |  4.0
Armour         | |  3.8
Dodging        | |  0.6

Action                   |  1- 3 |  4- 6 || total
-------------------------+-------+-------++-------
Melee: War axe           |    91 |    16 ||   107
Throw: Stone             |     6 |       ||     6
 Abil: Heal Wounds       |     1 |       ||     1
  Use: Scroll            |     2 |     1 ||     3
       Potion            |     1 |     1 ||     2
Armor: Scale mail        |    51 |     7 ||    58
Dodge: Dodged            |    37 |    13 ||    50
Block: Kite shield       |    73 |    14 ||    87
